 Dungeon Crawl Stone Soup version 0.29.1-15-g9cfb28693d (webtiles) character file.

Game seed: 4781919577411147010

106 monsoonserge the Trooper (level 5, 0/32 (43) HPs)
             Began as a Formicid Abyssal Knight on Apr 27, 2023.
             Was a Priest of Lugonu.
             Killed from afar by a dart slug (2 damage)
             ... with a slug dart
             ... on level 3 of the Dungeon.
             The game lasted 00:07:46 (1771 turns).

monsoonserge the Trooper (Formicid Abyssal Knight)  Turns: 1771, Time: 00:07:47

HP:   0/32 (43)     AC:  6    Str: 20    XL:     5   Next: 10%
MP:   4/7           EV: 11    Int:  9    God:    Lugonu [***...]
Gold: 173           SH:  0    Dex: 14    Spells: 4/4 levels left

rFire   . . .      SeeInvis +   a - +1 mace
rCold   . . .      Faith    .   (no shield)
rNeg    . . .      Spirit   .   p - +0 ring mail
rPois   +          Reflect  .   (helmet unavailable)
rElec   .          Harm     .   (no cloak)
rCorr   .          Rampage  .   k - +0 pair of gloves
Will    .....                   (no boots)
Stlth   +.........              (no amulet)
HPRegen 0.10/turn               d - ring of poison resistance
MPRegen 0.10/turn               (no ring)

@: very heavily drained
A: permanent stasis, dig shafts and tunnels, antennae 3, four strong arms
a: Dig, Shaft Self, Renounce Religion, Depart the Abyss, Bend Space, Banish


You were on level 3 of the Dungeon.
You worshipped Lugonu.
Lugonu was most pleased with you.
You visited 1 branch of the dungeon, and saw 3 of its levels.
You visited the Abyss 1 time.

You collected 173 gold pieces.

Inventory:

Hand Weapons
 a - a +1 mace (weapon)
 i - a +3 dagger
 w - a +0 war axe
 y - a +0 dagger of freezing
Missiles
 o - 28 stones (quivered)
 q - 3 curare-tipped darts
 r - 3 atropa-tipped darts
 s - a throwing net
Armour
 k - a +0 pair of gloves (worn)
 p - a +0 ring mail (worn)
Jewellery
 d - a ring of poison resistance (left hand)
Scrolls
 c - a scroll of enchant weapon {unknown}
 h - a scroll of blinking {unknown}
 j - 4 scrolls of identify {unknown}
 n - a scroll of immolation {unknown}
 u - a scroll of summoning {unknown}
 v - a scroll of fear {unknown}
 x - a scroll of teleportation {unknown}
Potions
 b - a potion of ambrosia {unknown}
 e - 2 potions of flight {unknown}
 f - 3 potions of curing {unknown}
 g - 3 potions of berserk rage {unknown}
 l - 2 potions of mutation {unknown}
 m - a potion of degeneration {unknown}
 t - a potion of magic {unknown}


   Skills:
 + Level 4.5 Fighting
 + Level 3.1 Maces & Flails
 + Level 2.7 Armour
 + Level 1.0 Dodging
 * Level 3.0 Invocations


You had 4 spell levels left.
You didn't know any spells.
Your spell library was empty.

Dungeon Overview and Level Annotations

Branches:
Dungeon (3/15)

Altars:


Innate Abilities, Weirdness & Mutations

You cannot be hasted, slowed, berserked, paralysed or teleported.
You can dig through walls and to a lower floor.
You have a pair of large antennae on your head. (SInv)
Your four strong arms can wield two-handed weapons with a shield.


Message History

You feel drained.
Unknown command.
You barely miss Terence.
Terence is severely wounded.
Terence hits you with a +0 short sword of draining.
You feel drained.
* * * LOW HITPOINT WARNING * * *
Terence misses you.
Okay, then.
Space bends violently around you!
You blink.
The dart slug bites you but does no damage.
Terence barely misses you.
Unknown command.
Press: ? - help, v - describe, . - travel The floor.
Space bends violently around you!
You blink.
Throw: 4 darts (atropa)
Press: ? - help, Q - select action, (/) - cycle Shift-Dir - straight line, f - dart slug
Aim: a dart slug (93% to hit, chance to blind on hit: 100%)
You throw an atropa-tipped dart.
The atropa-tipped dart hits the dart slug.
The dart slug appears confused.
Okay, then.
Press: ? - help, v - describe, . - travel
Here: Terence, wielding a +0 short sword of draining and wearing a +0 chain mail (severely wounded)
The floor.
Throw: 4 darts (curare)
Press: ? - help, Q - select action, (/) - cycle Shift-Dir - straight line, f - Terence, p - dart slug
Aim: Terence, wielding a +0 short sword of draining and wearing a +0 chain mail (severely wounded, 68% to hit)
You throw a curare-tipped dart. The curare-tipped dart hits Terence.
Terence is poisoned.
Terence convulses.
You kill Terence!
Lugonu accepts your kill.
The dart slug seems less confused.
Your Maces & Flails skill increases to level 3!
You have reached level 5!
The dart slug launches a dart at you. The slug dart hits you.
You die...

####### #.....#
#.....# #.....#
###.....############
............#......#
.##...(.###.#......#
#.@w(.# #.#......#
#.....###........##
#.....#..........).
######..###.....>..
##..## #......#. ###
#..# ######.#.
..###.# ##........
...
##.....#####.........
....
..#.#..##...........


You could see a dart slug (blind).

Vanquished Creatures
  Terence (D:3)
  4 adders
  2 dart slugs
  An orc (D:3)
  An endoplasm (D:2)
  5 giant cockroaches (D:1)
  5 goblins
  4 hobgoblins
  7 kobolds
  2 quokkas (D:2)
  2 ball pythons (D:2)
  2 bats
  4 frilled lizards
  5 rats
45 creatures vanquished.

Notes
Turn   | Place    | Note
-------+----------+-------------------------------------------
     0 | Abyss:1  | monsoonserge the Formicid Abyssal Knight began the quest
                  | for the Orb.
     0 | Abyss:1  | Reached XP level 1. HP: 18/18 MP: 2/2
    45 | Abyss:1  | Noticed a raiju
    47 | Abyss:1  | Noticed a raiju
    47 | Abyss:1  | Noticed a raiju
    51 | D:1      | Escaped the Abyss
   117 | D:1      | Found a faded altar of an unknown god.
   271 | D:1      | Reached XP level 2. HP: 24/24 MP: 3/3
   603 | D:1      | Reached skill level 4 in Fighting
   807 | D:2      | Reached XP level 3. HP: 29/30 MP: 4/4
  1060 | D:2      | Reached *** piety under Lugonu
  1061 | D:2      | Reached XP level 4. HP: 27/38 MP: 5/5
  1559 | D:3      | Reached skill level 1 in Dodging
  1747 | D:3      | Noticed Terence
  1770 | D:3      | Killed Terence
  1771 | D:3      | Reached XP level 5. HP: 2/32 MP: 4/7
  1771 | D:3      | Killed from afar by a dart slug

Illustrated notes

Levels and vault maps discovered:
D:1:      psy_arrival_statuary, layout_basic,
          chequers_ecumenical_altar_simple_redux, minmay_worlds_worst_comb
D:2:      layout_basic
D:3:      layout_rooms, elyvilon_altar_5, led_sif_pool,
          hangedman_decor_diamond_cutter, uniq_robin, uniq_grinder, uniq_terence

Skill      XL: |  1  2  3  4 |
---------------+-------------+-----
Fighting       | 4 |  4.5
Dodging        | 1 |  1.0
Invocations    | 3 |  3.0
Maces & Flails | 3 |  3.1
Armour         | |  2.7

Action                   |  1- 3 |  4- 6 || total
-------------------------+-------+-------++-------
Melee: Mace              |    55 |    59 ||   114
Throw: Dart              |       |     2 ||     2
Invok: Bend Space        |       |     2 ||     2
Armor: Leather armour    |    16 |       ||    16
       Ring mail         |     4 |    26 ||    30
Dodge: Dodged            |    27 |    45 ||    72
